 Dungeon Crawl Stone Soup version 0.13.0-13-g27bfa31 (webtiles) character file.

3587 MDvedh the Covert (level 9, -1/39 HPs)
             Began as a Spriggan Enchanter on Oct 19, 2013.
             Was a Believer of Okawaru.
             Slain by a wight
             ... wielding a cursed +3,+3 trident of freezing
              (3 damage)
             ... on Level 8 of the Dungeon.
             The game lasted 00:38:00 (9616 turns).

MDvedh the Covert (Spriggan Enchanter)              Turns: 9616, Time: 00:38:00

HP  -1/39        AC  3     Str  4      XL: 9   Next: 68%
MP  25/25        EV 18     Int 22      God: Okawaru [**....]
Gold 323         SH  0     Dex 18      Spells:  4 memorised,  6 levels left

Res.Fire  : . . .   See Invis. : +   a - +1 dagger {=f}
Res.Cold  : . . .   Warding    : .   p - +1 robe of Coronation {Dex+1 Int+3}
Life Prot.: . . .   Conserve   : .   (shield restricted)
Res.Poison: .       Res.Corr.  : .   (helmet restricted)
Res.Elec. : .       Clarity    : .   (no cloak)
Sust.Abil.: . .     Spirit.Shd : .   (gloves unavailable)
Res.Mut.  : .       Stasis     : .   (boots unavailable)
Res.Rott. : .       Flight     : .   (no amulet)
Saprovore : . . .                    (no ring)
                                     (no ring)

@: drained, very quick, quite resistant to hostile enchantments, extremely
stealthy
A: unfitting armour, see invisible, herbivore 3, speed 3, slow metabolism 2
a: Heroism, Renounce Religion


You were on level 8 of the Dungeon.
You worshipped Okawaru.
Okawaru was pleased with you.
You were not hungry.

You visited 1 branch of the dungeon, and saw 8 of its levels.

You collected 303 gold pieces.

Inventory:

Hand weapons
 a - a +1,+1 dagger (weapon) {=f}
 r - a +0,-1 dagger
Missiles
 d - 12 darts (quivered)
Armour
 p - the +1 robe of Coronation (worn) {Dex+1 Int+3}
   (You found it on level 6 of the Dungeon)

   It affects your intelligence (+3).
   It affects your dexterity (+1).
Magical devices
 k - a wand of random effects (11) {unknown}
 y - a wand of polymorph (0)
Comestibles
 q - a bread ration
 z - 11 grapes
 A - 4 sultanas
 B - a pear
Scrolls
 b - a scroll of enchant weapon I {unknown}
 f - a scroll of curse jewellery {unknown}
 g - 3 scrolls of teleportation
 s - a scroll of curse armour {unknown}
 u - 2 scrolls of enchant weapon II {unknown}
 v - 3 scrolls of fog {unknown}
 w - a scroll of remove curse {unknown}
 x - a scroll of identify
 C - a scroll of blinking {unknown}
 D - a scroll of noise {unknown}
Potions
 e - 2 potions of might
 h - a potion of resistance
 i - a potion of cure mutation {unknown}
 j - 3 potions of curing
 l - 3 potions of heal wounds
 m - 2 potions of restore abilities
 n - a potion of magic {unknown}
 o - 2 potions of poison
 t - a potion of confusion {unknown}
Books
 c - a book of Maledictions

   Spells                             Type                      Level
   *Corona                            Hexes                        1
   Sure Blade                         Hexes/Charms                 2
   *Ensorcelled Hibernation           Hexes/Ice                    2
   *Confuse                           Hexes                        3
   Enslavement                        Hexes                        4
   *Invisibility                      Hexes                        6


   Skills:
 - Level 8.8(8.4) Short Blades
 - Level 1.1(0.7) Throwing
 - Level 3.0(2.6) Dodging
 - Level 10.4(10.0) Stealth
 - Level 5.4(5.0) Spellcasting
 + Level 9.7(9.3) Hexes
 - Level 1.4(1.0) Ice Magic


You had 6 spell levels left.
You knew the following spells:

 Your Spells              Type           Power        Failure   Level  Hunger
a - Corona                Hex            #####..      1%          1    None
b - Ensorcelled Hibernat  Hex/Ice        ####..       1%          2    None
c - Confuse               Hex            #####...     1%          3    ##.....
d - Invisibility          Hex            #####...     34%         6    #######


Dungeon Overview and Level Annotations

Branches:
Dungeon (8/27)             Temple (0/1) D:6             Orc (0/4) D:7
   Lair: D:8-13

Altars:
Kikubaaqudgha
Nemelex Xobeh
Okawaru
Trog

Annotations:
D:4 Menkaure


Innate Abilities, Weirdness & Mutations

You are tiny and cannot use many weapons and most armour.
You have supernaturally acute eyesight.
You are a herbivore.
You cover ground extremely quickly.
You need consume almost no food.


Message History

The wight hits you with a trident of freezing.
The wight freezes you.
You hit the wight but do no damage.
The wight is almost destroyed.
You closely miss the wight.
The wight is almost destroyed.
The wight closely misses you.
You hit the wight but do no damage.
The wight is almost destroyed.
You hit the wight but do no damage.
The wight is almost destroyed.
The wight barely misses you.
You closely miss the wight.
The wight is almost destroyed.
You hit the wight but do no damage.
The wight is almost destroyed.
The wight hits you with a trident of freezing!
* * * LOW HITPOINT WARNING * * *
The wight freezes you.
You die...

######## # #......# . #.
#.####.# #.##
#.#####.####.# # ....
#z@......##.# . #.#...
#...#.###.#.##.#
#.##.#..# #.. ##.
#.#.##.# ... ...# #.
###......# #... ..# #. .
###....#
#.#.##.####.#.#.# ##....#
#.#..#.).....# .# #.#...#
#..
#..########.###.#.#.##
#..###.###......##.###..#


You could see a wight.

Vanquished Creatures
  Grinder (D:6)
  4 slime creatures (D:7)
  2 necrophages
  3 ice beasts
  2 orc warriors (D:7)
  A yellow wasp (D:6)
  2 centaurs
  A sky beast (D:7)
  An ogre (D:4)
  2 giant frogs
  A wight (D:8)
  2 crimson imps (D:6)
  2 goliath beetles (D:6)
  2 jellies
  2 centaur skeletons
  2 orc priests
  2 hounds (D:4)
  A giant frog skeleton (D:4)
  A gnoll shaman (D:6)
  4 orc wizards
  8 worker ants
  3 scorpions
  6 gnolls
  2 adders
  An inept feature mimic (D:7)
  6 worms
  An adder zombie (D:6)
  4 giant geckos
  21 orcs
  A ball python (D:2)
  3 giant cockroaches
  12 goblins
  15 hobgoblins
  7 jackals
  6 quokkas
  8 bats
  7 giant newts
  A giant newt skeleton (D:3)
  12 kobolds
  14 rats
176 creatures vanquished.

Notes
Turn   | Place    | Note
--------------------------------------------------------------
     0 | D:1      | MDvedh, the Spriggan Enchanter, began the quest for the Orb.
     0 | D:1      | Reached XP level 1. HP: 9/9 MP: 4/4
   342 | D:1      | Reached skill level 4 in Hexes
   790 | D:1      | Reached XP level 2. HP: 13/13 MP: 6/6
   794 | D:1      | Learned a level 2 spell: Ensorcelled Hibernation
  1338 | D:2      | Reached XP level 3. HP: 8/16 MP: 3/9
  1517 | D:2      | Reached skill level 5 in Hexes
  1555 | D:2      | Reached skill level 1 in Ice Magic
  1807 | D:2      | Reached XP level 4. HP: 14/21 MP: 0/11
  3415 | D:4      | Reached XP level 5. HP: 10/24 MP: 13/16
  3738 | D:4      | Learned a level 3 spell: Confuse
  3755 | D:4      | Reached skill level 5 in Spellcasting
  3908 | D:4      | Reached XP level 6. HP: 28/28 MP: 17/20
  4223 | D:4      | Noticed an ogre
  4316 | D:4      | Killed an ogre
  4517 | D:4      | Noticed Menkaure
  4805 | D:5      | Entered Level 5 of the Dungeon
  4854 | D:5      | Learned a level 6 spell: Invisibility
  4924 | D:5      | Reached XP level 7. HP: 18/32 MP: 22/22
  5288 | D:5      | Found a sparkling altar of Nemelex Xobeh.
  5513 | D:5      | Reached skill level 5 in Short Blades
  6345 | D:6      | Got a distressingly furry robe
  6382 | D:6      | Identified the +1 robe of Coronation {Dex+1 Int+3} (You found it on level 6 of the Dungeon)
  6544 | D:6      | Found an iron altar of Okawaru.
  6565 | D:6      | Reached skill level 6 in Short Blades
  6565 | D:6      | Reached skill level 5 in Stealth
  6577 | D:6      | Became a worshipper of Warmaster Okawaru
  6617 | D:6      | Reached XP level 8. HP: 19/36 MP: 16/23
  6947 | D:6      | Reached skill level 7 in Short Blades
  7063 | D:6      | Noticed Grinder
  7115 | D:6      | Acquired Okawaru's first power
  7115 | D:6      | Reached skill level 8 in Stealth
  7438 | D:6      | Killed Grinder
  7492 | D:6      | Reached skill level 9 in Stealth
  7609 | D:6      | Found a staircase to the Ecumenical Temple.
  7799 | D:7      | Found a staircase to the Orcish Mines.
  8123 | D:7      | Noticed a slime creature
  8124 | D:7      | Noticed a slime creature
  8324 | D:7      | Reached skill level 10 in Stealth
  8390 | D:7      | Reached XP level 9. HP: 39/39 MP: 25/25
  8407 | D:7      | Noticed a slime creature
  8459 | D:7      | Found a bloodstained altar of Trog.
  8472 | D:7      | Found an ancient bone altar of Kikubaaqudgha.
  8933 | D:7      | Noticed a slime creature
  9132 | D:7      | Killed a slime creature
  9145 | D:7      | Killed a slime creature
  9147 | D:7      | Killed a slime creature
  9181 | D:7      | Killed a slime creature
  9616 | D:8      | Slain by a wight

Action                   |  1- 3 |  4- 6 |  7- 9 || total
-------------------------+-------+-------+-------++-------
Melee: Dagger            |   117 |   213 |   329 ||   659
       Unarmed           |       |       |     1 ||     1
 Cast: Ensorcelled Hiber |    14 |    63 |    77 ||   154
       Confuse           |       |     1 |    15 ||    16
  Use: Potion            |       |     1 |       ||     1
       Scroll            |       |    10 |       ||    10
 Stab: Sleeping          |    11 |    29 |    55 ||    95
       Confused          |       |     2 |     8 ||    10
       Distracted        |       |     1 |     4 ||     5
